 Dungeon Crawl Stone Soup version 0.25-a0-365-g7600c65aa0 (webtiles) character file.

Game seed: 3819264825010290719, levelgen mode: deterministic

40 pk666 the Magician (level 3, -2/19 HPs)
             Began as a Deep Elf Wizard on Jan 5, 2020.
             Slain by an adder (3 damage)
             ... on level 1 of the Dungeon.
             The game lasted 00:01:48 (1432 turns).

pk666 the Magician (Deep Elf Wizard)                Turns: 1432, Time: 00:01:49

Health: -2/19      AC:  2    Str:  4    XL:     3   Next: 30%
Magic:  0/11       EV: 13    Int: 23    God:
Gold:   13         SH:  0    Dex: 13    Spells: 1/12 levels left

rFire    . . .     SeeInvis .   f - +0 dagger
rCold    . . .     Gourm    .   (no shield)
rNeg     . . .     Faith    .   a - +0 robe
rPois    .         Spirit   .   b - +0 hat
rElec    .         Reflect  .   (no cloak)
rCorr    .         Harm     .   (no gloves)
MR       .....                  (no boots)
Stlth    ++........             (no amulet)
HPRegen  0.06/turn              (no ring)
MPRegen  0.12/turn              (no ring)

@: lethally poisoned (-2 -> -8)
A: no striking features
a: no special abilities


You were on level 1 of the Dungeon.
You were not hungry.

You visited 1 branch of the dungeon, and saw 2 of its levels.

You collected 13 gold pieces.

Inventory:

Hand Weapons
 f - a +0 dagger (weapon)
Armour
 a - a +0 robe (worn)
 b - a +0 hat (worn)
Scrolls
 e - a scroll of fog {unknown}
Potions
 c - a potion of curing {unknown}
 g - a potion of flight {unknown}
Comestibles
 d - 2 rations


   Skills:
 - Level 3.2 Dodging
 - Level 2.4 Stealth
 + Level 5.0 Spellcasting
 + Level 2.1 Conjurations
 + Level 1.2 Summonings
 - Level 1.1 Translocations
 + Level 0.3 Fire Magic
 + Level 0.2 Air Magic
 + Level 0.2 Poison Magic


You had one spell level left.
You knew the following spells:

 Your Spells              Type           Power        Failure   Level  Hunger
a - Magic Dart            Conj           ###.         4%          1    None
b - Blink                 Tloc           N/A          9%          2    None
c - Conjure Flame         Conj/Fire      ##......     17%         3    ##.....
d - Mephitic Cloud        Conj/Pois/Air  #.......     21%         3    ##.....
e - Call Imp              Summ           ##......     9%          2    None

Your spell library contained the following spells:

 Spells                   Type           Power        Failure   Level  Hunger
 Slow                     Hex            #.......     14%         2    None


Dungeon Overview and Level Annotations

Branches:
Dungeon (2/15)

Altars:


Message History

The magic dart hits the adder.
The adder is heavily wounded.
The adder bites you.
* * * LOW HITPOINT WARNING * * *
You are lethally poisoned!
The adder poisons you!
The frilled lizard bites you but does no damage.
* * * LOW HITPOINT WARNING * * *
You feel sick.
Casting: Magic Dart (safe; 4% risk of failure)
Confirm with . or Enter, or press ? or * to list all spells.
Aiming: Magic Dart (safe; 4% risk of failure)
Press: ? - help, Shift-Dir - straight line, f/p - adder
Aim: an adder (heavily wounded)
The magic dart hits the adder.
The adder is almost dead.
The adder barely misses you. The frilled lizard bites you.
* * * LOW HITPOINT WARNING * * *
The adder bites you.
You die...

###.# #.##.#
##..##...... #.#
#.##.## #...........
#.# #.#...#
#..###.##### #.#
#.#.#.###..# #.# #†#
#(..#...#..# #.# #.#
#.###.#....# #.#
#.######...)...##.###.#
#........lS...........#
##########@...###.#####
###.## #.######### ###
#.^........ ###########


You could see an adder and a frilled lizard.

Vanquished Creatures
  A worm (D:2)
  A dart slug (D:1)
  A leopard gecko (D:1)
  2 giant cockroaches (D:1)
  5 goblins (D:1)
  3 hobgoblins (D:1)
  2 kobolds (D:1)
  A ball python (D:1)
  8 bats
  2 frilled lizards (D:1)
  6 rats (D:1)
32 creatures vanquished.

Notes
Turn   | Place    | Note
-------+----------+-------------------------------------------
     0 | D:1      | pk666 the Deep Elf Wizard began the quest for the Orb.
     0 | D:1      | Reached XP level 1. HP: 10/10 MP: 7/7
   327 | D:1      | Reached XP level 2. HP: 15/15 MP: 6/9
   967 | D:1      | Reached XP level 3. HP: 14/19 MP: 6/11
  1009 | D:1      | Learned a level 2 spell: Blink
  1013 | D:1      | Learned a level 3 spell: Conjure Flame
  1017 | D:1      | Learned a level 3 spell: Mephitic Cloud
  1020 | D:1      | Learned a level 2 spell: Call Imp
  1395 | D:2      | Reached skill level 5 in Spellcasting
  1432 | D:1      | Slain by an adder

Levels and vault maps discovered:
D:1:      tarquinn_simple_flora_water_a, layout_loops_ring, st_stairs_4,
          columned_hall_lemuel
D:2:      layout_rooms, first_ration, fedhas_altar_3, uniq_natasha

Skill      XL: |  1  2  3 |
---------------+----------+-----
Dodging        | 3 |  3.2
Conjurations   | 2 |  2.1
Spellcasting   | 5 |  5.0
Stealth        | |  2.4
Summonings     | |  1.2
Translocations | |  1.1
Fire Magic     | |  0.3
Air Magic      | |  0.2
Poison Magic   | |  0.2

Action                   || total
-------------------------++-------
 Cast: Magic Dart        ||    78
  Eat: Chunk             ||     1
Armor: Robe              ||     4
Dodge: Dodged            ||    16

Table legend:
 A = Non-vault XP
 B = Vault XP
 C = Vault XP percentage of total XP
 D = Non-vault monster count
 E = Vault monster count
 F = Vault count percentage of total count
                 A         B        C        D         E       F
            +---------+---------+-------+---------+---------+-------
      Total |      56 |       2 |   3.4 |      30 |       2 |   6.2
            +---------+---------+-------+---------+---------+-------
        D:1 |      49 |       2 |   3.9 |      28 |       2 |   6.7
        D:2 |       7 |       0 |   0.0 |       2 |       0 |   0.0
            +---------+---------+-------+---------+---------+-------
